 Dungeon Crawl Stone Soup version 0.25-a0-701-gb30f108f01 (webtiles) character file.

Game seed: 11849447152685132979, levelgen mode: deterministic

6512 kae the Grappler (level 10, 0/71 HPs)
             Began as a Yellow Draconian Transmuter on Apr 3, 2020.
             Was an Elder of Makhleb.
             Succumbed to a killer bee's poison
             ... on level 9 of the Dungeon.
             The game lasted 00:10:02 (10498 turns).

kae the Grappler (Yellow Draconian Transmuter)     Turns: 10498, Time: 00:10:03

Health: 0/71       AC:  2    Str: 14    XL:     10   Next: 69%
Magic:  19/19      EV: 19    Int: 16    God:    Makhleb [****..]
Gold:   539        SH:  0    Dex: 16    Spells: 9/24 levels left

rFire    . . .     SeeInvis .     - Unarmed
rCold    . . .     Gourm    .   (shield currently unavailable)
rNeg     . . .     Faith    .   (armour unavailable)
rPois    x         Spirit   .   (helmet currently unavailable)
rElec    .         Reflect  .   (cloak currently unavailable)
rCorr    .         Harm     .   (gloves currently unavailable)
MR       .....                  (boots currently unavailable)
Stlth    +.........             (no amulet)
HPRegen  0.21/turn              e - +3 ring of slaying
MPRegen  0.16/turn              (no ring)

@: brilliant, lethally poisoned (0 -> -12), spider-form
A: tiny, (spit acid), unfitting armour, low mp 1, AC +7
a: End Transformation, Minor Destruction, Lesser Servant of Makhleb, Major
Destruction, Renounce Religion


You were on level 9 of the Dungeon.
You worshipped Makhleb.
Makhleb was greatly pleased with you.
You were very hungry.
You were a venomous arachnid creature.
You visited 1 branch of the dungeon, and saw 9 of its levels.

You collected 563 gold pieces.
You spent 24 gold pieces at shops.

Inventory:

Missiles
 a - 170 arrows
Armour
 h - a +2 cloak of invisibility (melded)
 o - a +0 pair of boots (melded)
 p - a scarf of resistance
Jewellery
 e - a +3 ring of slaying (left front leg)
 l - an uncursed amulet of harm
Wands
 f - a wand of random effects (19)
 g - a wand of acid (7)
 m - a wand of flame (33)
 q - a wand of polymorph (8)
 r - a wand of digging (7)
 s - a wand of iceblast (10)
Scrolls
 b - 2 scrolls of fear
 d - 4 scrolls of teleportation
 i - 3 scrolls of remove curse
 j - 2 scrolls of identify
 n - a scroll of enchant weapon
Comestibles
 c - 18 rations


   Skills:
 - Level 1.1 Fighting
 - Level 1.7 Dodging
 * Level 11.8 Unarmed Combat
 + Level 7.8 Spellcasting
 + Level 8.4 Transmutations


You had 9 spell levels left.
You knew the following spells:

 Your Spells              Type           Power        Failure   Level  Hunger
a - Beastly Appendage     Tmut           ######       3%          1    None
b - Sticks to Snakes      Tmut           ######..     3%          2    None
c - Spider Form           Tmut/Pois      ####......   17%         3    None
d - Ice Form              Ice/Tmut       ####....     41%         4    None
e - Blade Hands           Tmut           ######....   24%         5    None

Your spell library contained the following spells:

 Spells                   Type           Power        Failure   Level  Hunger
 Sting                    Tmut/Pois      ####         8%          1    None
 Ignite Poison            Fire/Tmut/Pois ###.....     26%         3    None
 Poisonous Vapours        Pois/Air       #.....       36%         2    None
 Petrify                  Tmut/Erth      ####....     41%         4    None
 Confusing Touch          Hex            #.......     56%         3    None
 Gell's Gravitas          Tloc           #.........   56%         3    None
 Mephitic Cloud           Conj/Pois/Air  #.......     56%         3    None
 Yara's Violent Unravell  Hex/Tmut       ####......   71%         5    None
 Olgreb's Toxic Radiance  Pois           #.......     89%         4    None
 Metabolic Englaciation   Hex/Ice        #.........   99%         5    None


Dungeon Overview and Level Annotations

Branches:
Dungeon (9/15)             Temple (0/1) D:4
   Lair: D:8-11         Orc: D:9-12

Altars:
Cheibriados
Dithmenos
Makhleb
Nemelex Xobeh
Okawaru
Qazlal
Vehumet
Xom
Yredelemnul

Shops:
D:8 ?

Annotations:
D:9 exclusion: ugly thing


Innate Abilities, Weirdness & Mutations

((You can spit globs of acid.))
((Your golden yellow scales are hard. (AC +7)))
You cannot fit into any form of body armour.
((You are cold-blooded and may be slowed by cold attacks.))
((You are resistant to acid. (rCorr)))
((Your flesh is cold resistant. (rC+)))
((Your flesh is heat resistant. (rF+)))
Your magical capacity is low. (-10% MP)


Message History

Things that are here:
a killer bee corpse x2
As you read the scroll of teleportation, it crumbles to dust.
You feel strangely unstable.
* * * LOW HITPOINT WARNING * * *
You feel sick.
You don't have any unidentified items.
Unknown command.
* * * LOW HITPOINT WARNING * * *
You feel sick.
You see here a killer bee corpse.
* * * LOW HITPOINT WARNING * * *
You feel sick.
Your surroundings suddenly seem different.
* * * LOW HITPOINT WARNING * * *
You feel sick.
There is a lethal amount of poison in your body!
* * * LOW HITPOINT WARNING * * *
You feel sick.
You die...

#.....# #.........#
##.# ##'####
##.######## #.# #..#
#).# #.# ####'#####
#)## ##.## #........#
##'####### #....
'........# #........#
####...[ #........#
#).......# #.......
#........# +........#
##.##.... #........#
#...s....####..##....
#........+
#........'....###....
#........#
#........###### #....
#........# ##########
##### #........#
#........# ##########


There were no monsters in sight!

Vanquished Creatures
  Harold (D:8)
  Pikel (D:9)
  Maurice (D:8)
  Maggie (D:8)
  2 hippogriffs
  A wraith (D:7)
  A wyvern (D:9)
  Edmund (D:4)
  An orc warrior (D:7)
  A slave (D:9)
  A sky beast (D:9)
  3 black bears
  A phantom (D:5)
  3 ogres
  4 centaurs
  7 bullfrogs
  A wyvern zombie (D:9)
  6 scorpions
  11 killer bees
  A troll zombie (D:7)
  6 wights
  4 howler monkeys
  3 jellies
  2 crimson imps
  4 human zombies (D:7)
  A hound (D:5)
  5 orc priests
  A centaur skeleton (D:5)
  4 iguanas
  5 orc wizards
  A bullfrog skeleton (D:5)
  Jessica (D:3)
  3 worker ants
  An ogre skeleton (D:7)
  A hound skeleton (D:8)
  2 mummies (D:7)
  4 gnolls
  11 adders
  A shadow imp (D:6)
  An ooze (D:4)
  An adder skeleton (D:7)
  3 worms
  4 dart slugs
  5 leopard geckos
  19 orcs
  2 ball pythons
  4 bats
  3 giant cockroaches
  7 hobgoblins
  20 jackals
  4 quokkas
  6 frilled lizards
  6 goblins
  A jackal zombie (D:8)
  5 kobolds
  A leopard gecko skeleton (D:6)
  An orc skeleton (D:7)
  A quokka skeleton (D:5)
  8 rats
211 creatures vanquished.

Vanquished Creatures (collateral kills)
  An adder (D:3)
  A rat (D:3)
2 creatures vanquished.

Grand Total: 213 creatures vanquished

Notes
Turn   | Place    | Note
-------+----------+-------------------------------------------
     0 | D:1      | kae the Draconian Transmuter began the quest for the Orb.
     0 | D:1      | Reached XP level 1. HP: 16/16 MP: 3/3
   330 | D:1      | Reached XP level 2. HP: 16/23 MP: 3/5
  1036 | D:2      | Found a burning altar of Makhleb.
  1036 | D:2      | Noticed a green death
  1050 | D:2      | Noticed a hellwing
  1050 | D:2      | Noticed a ynoxinul
  1052 | D:2      | Became a worshipper of Makhleb the Destroyer
  1068 | D:2      | Reached XP level 3. HP: 21/28 MP: 4/6
  1116 | D:1      | Learned a level 2 spell: Sticks to Snakes
  1120 | D:1      | Learned a level 3 spell: Spider Form
  1568 | D:2      | Reached skill level 4 in Unarmed Combat
  1624 | D:2      | Reached XP level 4. HP: 28/35 MP: 0/7
  1739 | D:2      | Reached * piety under Makhleb
  1750 | D:2      | Found a shadowy altar of Dithmenos.
  2642 | D:3      | Noticed Jessica
  2651 | D:3      | Killed Jessica
  2651 | D:3      | Reached XP level 5. HP: 40/40 MP: 3/9
  2691 | D:3      | Found a radiant altar of Vehumet.
  3270 | D:4      | Reached ** piety under Makhleb
  3285 | D:4      | Reached skill level 5 in Unarmed Combat
  3296 | D:3      | Reached XP level 6. HP: 15/47 MP: 4/10
  3298 | D:3      | Gained mutation: Your magical capacity is low. (-10% MP)
                  | [potion of mutation]
  3298 | D:3      | Gained mutation: Your flesh is cold resistant. (rC+)
                  | [potion of mutation]
  3298 | D:3      | Gained mutation: Your flesh is heat resistant. (rF+)
                  | [potion of mutation]
  3650 | D:4      | Noticed Edmund
  3670 | D:4      | Killed Edmund
  3776 | D:4      | Found a stormy altar of Qazlal.
  4181 | D:4      | Found a staircase to the Ecumenical Temple.
  4332 | D:5      | Entered Level 5 of the Dungeon
  4377 | D:5      | Reached skill level 6 in Unarmed Combat
  4378 | D:5      | Found an iron altar of Okawaru.
  4545 | D:5      | Your scales start taking on a golden yellow colour.
  4545 | D:5      | Reached XP level 7. HP: 52/52 MP: 8/11
  4545 | D:5      | Gained mutation: You are resistant to acid. (rCorr) [Yellow
                  | Draconian growth]
  5542 | D:6      | Found a snail-covered altar of Cheibriados.
  5711 | D:6      | Reached skill level 7 in Unarmed Combat
  5780 | D:6      | Reached XP level 8. HP: 38/59 MP: 13/13
  5782 | D:6      | Reached skill level 5 in Transmutations
  6060 | D:6      | Reached skill level 5 in Spellcasting
  6099 | D:6      | Reached *** piety under Makhleb
  6301 | D:6      | Reached skill level 8 in Unarmed Combat
  6479 | D:7      | Learned a level 4 spell: Ice Form
  6485 | D:7      | Learned a level 5 spell: Blade Hands
  6742 | D:7      | Noticed a hippogriff
  7118 | D:7      | Found a shimmering altar of Xom.
  7119 | D:7      | Found a shimmering altar of Xom.
  7119 | D:7      | Found a shimmering altar of Xom.
  7119 | D:7      | Found a shimmering altar of Xom.
  7119 | D:7      | Found a shimmering altar of Xom.
  7152 | D:7      | Reached XP level 9. HP: 52/64 MP: 11/15
  7168 | D:7      | Found a shimmering altar of Xom.
  7168 | D:7      | Found a shimmering altar of Xom.
  7169 | D:7      | Found a shimmering altar of Xom.
  7247 | D:7      | Reached skill level 9 in Unarmed Combat
  7636 | D:7      | Found a basalt altar of Yredelemnul.
  8055 | D:7      | Noticed a harpy
  8056 | D:7      | Noticed a torpor snail
  8068 | D:7      | Noticed a salamander
  8068 | D:7      | a harpy changed into a salamander
  8070 | D:7      | Noticed a deep troll
  8070 | D:7      | Noticed a polar bear
  8070 | D:7      | a salamander changed into a polar bear
  8186 | D:7      | Found a sparkling altar of Nemelex Xobeh.
  8260 | D:7      | Reached skill level 10 in Unarmed Combat
  8261 | D:7      | Reached **** piety under Makhleb
  8613 | D:8      | Noticed Harold
  8624 | D:8      | Killed Harold
  8631 | D:8      | Noticed Maurice
  8654 | D:8      | Killed Maurice
  8654 | D:8      | Reached XP level 10. HP: 13/71 MP: 14/18
  8792 | D:8      | Found Poba's Magic Scroll Shop.
  8802 | D:8      | Bought a scroll of identify for 24 gold pieces
  9041 | D:8      | Reached skill level 11 in Unarmed Combat
  9115 | D:8      | Noticed Maggie
  9129 | D:8      | Killed Maggie
 10183 | D:9      | Noticed a purple ugly thing
 10221 | D:9      | Noticed Pikel
 10235 | D:9      | Killed Pikel
 10495 | D:9      | HP: 3/71 [poisoned by a killer bee]
 10497 | D:9      | HP: 1/71 [poisoned by a killer bee]
 10498 | D:9      | Succumbed to a killer bee's poison

Levels and vault maps discovered:
D:1:      minmay_arrival_hallway, layout_loops_cross, minmay_pentomino_u4
D:2:      layout_loops_cross, nicolae_dithmenos_through_a_glass_darkly,
          makhleb_altar_promises_db
D:3:      layout_rooms, nicolae_overflow_hidden_temple, kennysheep_path_1,
          minmay_lizard_king, uniq_jessica
D:4:      layout_basic, grunt_qazlal_sundering, temple_green, serial_rivers,
          chequers_serial_rivers_small_a, chequers_serial_rivers_micro_a,
          chequers_serial_rivers_small_b, chequers_serial_rivers_small_b,
          chequers_serial_rivers_large_a, first_ration, hex_medium, minivault_4,
          minivault_23, hangedman_decor_growths, minmay_misc_feat_plants,
          uniq_edmund
D:5:      layout_basic, basic_altar, kennysheep_boxes
D:6:      minmay_thinvault, layout_loops_cross, kennysheep_slug_shrine
D:7:      layout_loops_corners, lemuel_mausoleum_altar_yredelemnul,
          xom_shifter_show, lemuel_round_altar, nicolae_ossuary_entry_plus
D:8:      layout_loops_ring, enter_bailey_6, serial_shops, shop,
          grunt_ogre_cave, uniq_harold, uniq_maurice, uniq_maggie
D:9:      layout_roguey, uniq_pikel

Skill      XL: |  1  2  3  4  5  6  7  8  9 10 |
---------------+-------------------------------+-----
Unarmed Combat | 4 5 6 7 8 10 11 | 11.8
Transmutations | 3 4 6 7 8 |  8.4
Spellcasting   | 3 4 5 7 |  7.8
Fighting       | |  1.1
Dodging        | |  1.7

Action                   |  1- 3 |  4- 6 |  7- 9 | 10-12 || total
-------------------------+-------+-------+-------+-------++-------
Melee: Unarmed           |   120 |   162 |   335 |   129 ||   746
       Tailslap          |    10 |     7 |    26 |     6 ||    49
       Kick              |     6 |     6 |     2 |       ||    14
       Headbutt          |     2 |       |    11 |       ||    13
       Punch             |     2 |     2 |     6 |     2 ||    12
 Cast: Beastly Appendage |    17 |    12 |    13 |       ||    42
       Spider Form       |     2 |    11 |    16 |    10 ||    39
       Sticks to Snakes  |     1 |     6 |     2 |       ||     9
       Ice Form          |       |       |     1 |     1 ||     2
 Abil: Breathe Acid      |       |       |    14 |     1 ||    15
  Use: Scroll            |     2 |     6 |     6 |     2 ||    16
       Potion            |       |     3 |     2 |     4 ||     9
 Stab: Distracted        |       |     1 |       |       ||     1
       Sleeping          |       |       |     1 |       ||     1
  Eat: Chunk             |     2 |    11 |    15 |     6 ||    34
       Ration            |       |       |     1 |       ||     1
Armor: Skin              |    45 |    37 |    69 |    23 ||   174
Dodge: Dodged            |    99 |   107 |   200 |    92 ||   498

Table legend:
 A = Non-vault XP
 B = Vault XP
 C = Vault XP percentage of total XP
 D = Non-vault monster count
 E = Vault monster count
 F = Vault count percentage of total count
                 A         B        C        D         E       F
            +---------+---------+-------+---------+---------+-------
      Total |    5500 |    3804 |  40.9 |     171 |      41 |  19.3
            +---------+---------+-------+---------+---------+-------
        D:1 |      16 |       7 |  30.4 |       8 |       4 |  33.3
        D:2 |     121 |       0 |   0.0 |      35 |       0 |   0.0
        D:3 |      97 |      45 |  31.7 |      11 |       7 |  38.9
        D:4 |     153 |     164 |  51.7 |       9 |       1 |  10.0
        D:5 |     485 |       0 |   0.0 |      17 |       0 |   0.0
        D:6 |     691 |     402 |  36.8 |      26 |      12 |  31.6
        D:7 |    1497 |     629 |  29.6 |      23 |      12 |  34.3
        D:8 |    1044 |    1894 |  64.5 |      20 |       4 |  16.7
        D:9 |    1396 |     663 |  32.2 |      22 |       1 |   4.3
            +---------+---------+-------+---------+---------+-------
